 Dungeon Crawl Stone Soup version 0.20.1-1-g8b1a95d (webtiles) character file.

1428 vatarom the Zephyrmancer (level 8, -1/44 HPs)
             Began as a Tengu Air Elementalist on Sept 8, 2017.
             Was a Follower of Vehumet.
             Slain by a bullfrog (8 damage)
             ... on level 6 of the Dungeon.
             The game lasted 00:18:03 (7343 turns).

vatarom the Zephyrmancer (Tengu Air Elementalist)   Turns: 7343, Time: 00:18:03

Health: -1/44      AC:  2    Str:  8 (9)  XL:     8   Next: 72%
Magic:  2/12       EV: 13    Int: 19 (20) God:    Vehumet [*.....]
Gold:   225        SH:  0    Dex: 15      Spells: 2/12 levels left

rFire    . . .     SeeInvis .   m - +1 short sword (protect)
rCold    + . .     Gourm    .   (no shield)
rNeg     . . .     Faith    .   r - +0 robe (curse)
rPois    .         Spirit   .   (helmet restricted)
rElec    .         Reflect  .   (no cloak)
rCorr    .         Harm     +   (no gloves)
MR       .....                  (boots unavailable)
Stlth    ++........             u - amulet of harm
Regen    0.2/turn               e - +3 ring of intelligence
MPRegen  0.2/turn               l - ring of protection from cold

@: berserk cooldown, very slightly contaminated, slowed, very slow
A: beak, talons 3, deterioration 1, able to fly 1
a: Fly, Renounce Religion


You were on level 6 of the Dungeon.
You worshipped Vehumet.
Vehumet was aware of your devotion.
You were not hungry.

You visited 2 branches of the dungeon, and saw 7 of its levels.

You collected 225 gold pieces.

Inventory:

Hand Weapons
 m - a +1 short sword of protection (weapon)
 n - a +0 dagger of venom
 A - a +2 rapier of speed
Armour
 r - a cursed +0 robe (worn)
 y - a +0 buckler
Jewellery
 e - a +3 ring of intelligence (left hand)
 f - an uncursed ring of protection from magic
 l - a ring of protection from cold (right hand)
 u - an amulet of harm (around neck)
 w - an uncursed ring of protection from cold
Wands
 d - a wand of polymorph (19/24)
 j - a wand of random effects (24/48)
 s - a wand of digging (13/24)
 z - a wand of iceblast (7/15)
Scrolls
 g - 2 scrolls of magic mapping
 o - a scroll of remove curse
 q - 5 scrolls of random uselessness
Potions
 k - a potion of brilliance
Books
 b - a book of Air

   Spells                             Type                      Level
   a - Shock                          Conjuration/Air              1
   b - Swiftness                      Charms/Air                   2
   c - Static Discharge               Conjuration/Air              3
   d - Airstrike                      Air                          4
   e - Lightning Bolt                 Conjuration/Air              5
Comestibles
 c - 3 bread rations
 h - 4 royal jellies
 i - a fruit
 t - a chunk of flesh
 x - 2 meat rations


   Skills:
 - Level 2.2 Fighting
 - Level 2.1 Dodging
 - Level 2.0 Stealth
 - Level 2.6 Spellcasting
 - Level 6.7 Conjurations
 + Level 11.6 Air Magic


You had 2 spell levels left.
You knew the following spells:

 Your Spells              Type           Power        Failure   Level  Hunger
a - Shock                 Conj/Air       ####         1%          1    #......
b - Swiftness             Chrm/Air       ###.....     2%          2    ##.....
c - Static Discharge      Conj/Air       #####...     1%          3    ###....
d - Airstrike             Air            #####.....   1%          4    #####..


Dungeon Overview and Level Annotations

Branches:
Dungeon (6/15)             Temple (1/1) D:5

Altars:
Ashenzari
Cheibriados
Dithmenos
Elyvilon
Fedhas
Gozag
Hepliaklqana
Kikubaaqudgha
Makhleb
Nemelex Xobeh
Okawaru
Qazlal
Ru
Sif Muna
Trog
Uskayaw
Vehumet
Xom
Yredelemnul
Zin
The Shining One

Annotations:
D:6 Dowan


Innate Abilities, Weirdness & Mutations

You have a beak for a mouth.
You have claws for feet.
You can fly.
Your body sometimes deteriorates upon taking damage.


Message History

The bullfrog closely misses you. The bullfrog closely misses you.
Evoke which item? (* to show all) (? for menu, Esc to quit)
Aiming: Iceblast (will waste charges)
Press: ? - help, Shift-Dir - straight line, f - bullfrog
Aim: a bullfrog (moderately wounded)
Okay, then.
Evoke which item? (* to show all) (? for menu, Esc to quit)
Aiming: Dig (will waste charges)
Press: ? - help, Shift-Dir - straight line The rock shatters into small pieces.
Evoking this partially-identified wand wasted a few charges.
The bullfrog hits you but does no damage.
The bullfrog hits you.
* * * LOW HITPOINT WARNING * * *
Unknown command.
The bullfrog hits you but does no damage.
Unknown command.
The bullfrog hits you!
You die...

##÷## #.#.# #.
##...## ##.#.## #.#
#.###.# #.###.# #.#
#.# #.# ##.#.## #.#
#.###.# #.#.#.# #.#
##...## ##.#.##
######.#### #.###
#.###.# ..........#
#.# ##.#.########
######....# #.#
####.#.#.##@Fha#
#a..Fa†#..#
#.###........#####.#
#h###h.#h.#
#............# #.#
#.# #..#.h#
#####.......##
##a###.###.##hh#
##.....##
#...†a.....##.a#
##...##
#..####..####..#
##.## #..# ..# #.l#
### #.# #.>#
....a...# #.. ..
...# ..#####..


You could see a bullfrog, a worker ant and a jackal.

Vanquished Creatures
  Duvessa (D:6)
  2 ice beasts
  2 ogres (D:5)
  2 scorpions (D:4)
  A howler monkey (D:6)
  A centaur zombie (D:5)
  5 hounds
  An orc priest (D:5)
  A centaur skeleton (D:6)
  3 orc wizards
  Natasha (thrice) (D:2)
  3 iguanas
  5 worker ants
  7 adders
  7 gnolls
  A howler monkey skeleton (D:5)
  A shadow imp (D:5)
  An adder skeleton (D:4)
  An adder zombie (D:5)
  2 dart slugs (D:5)
  2 leopard geckos
  12 orcs
  4 ball pythons
  5 bats
  3 giant cockroaches
  10 goblins
  3 hobgoblins
  7 jackals
  4 kobolds
  4 quokkas
  2 frilled lizards
  A giant cockroach zombie (D:5)
  A leopard gecko skeleton (D:4)
  10 rats
118 creatures vanquished.

Notes
Turn   | Place    | Note
-------+----------+-------------------------------------------
     0 | D:1      | vatarom the Tengu Air Elementalist began the quest for the Orb.
     0 | D:1      | Reached XP level 1. HP: 10/10 MP: 4/4
   404 | D:1      | Reached XP level 2. HP: 15/15 MP: 4/6
   521 | D:1      | Learned a level 2 spell: Swiftness
   641 | D:1      | Reached skill level 5 in Air Magic
   767 | D:1      | Reached XP level 3. HP: 19/19 MP: 5/7
   866 | D:1      | Learned a level 3 spell: Static Discharge
  1591 | D:2      | Noticed Natasha
  1600 | D:2      | Killed Natasha
  1600 | D:2      | Reached skill level 1 in Fighting
  1600 | D:2      | Reached skill level 6 in Air Magic
  1600 | D:2      | Reached XP level 4. HP: 18/25 MP: 2/8
  1704 | D:2      | Noticed Natasha
  1867 | D:2      | Killed Natasha
  1972 | D:2      | Gained mutation: Scrolls take you a little longer to read. [potion of mutation]
  1972 | D:2      | Gained mutation: Your body sometimes deteriorates upon taking damage. [potion of mutation]
  1972 | D:2      | Lost mutation: Scrolls take you a little longer to read. [potion of mutation]
  2203 | D:2      | Gained mutation: You can fly. [Tengu growth]
  2203 | D:2      | Reached XP level 5. HP: 30/30 MP: 3/9
  2222 | D:2      | Noticed Natasha
  2371 | D:2      | Killed Natasha
  2371 | D:2      | Reached skill level 7 in Air Magic
  3323 | D:3      | Reached XP level 6. HP: 35/35 MP: 6/10
  3804 | D:4      | Learned a level 4 spell: Airstrike
  4053 | D:4      | Reached skill level 8 in Air Magic
  4585 | D:4      | Reached XP level 7. HP: 21/40 MP: 0/11
  5120 | D:5      | Entered Level 5 of the Dungeon
  5313 | D:5      | Found a staircase to the Ecumenical Temple.
  5322 | D:5      | Reached skill level 9 in Air Magic
  5334 | Temple   | Entered the Ecumenical Temple
  5432 | Temple   | Became a worshipper of Vehumet
  5698 | D:5      | Reached skill level 5 in Conjurations
  6086 | D:5      | Reached XP level 8. HP: 44/44 MP: 4/12
  6402 | D:5      | Reached skill level 10 in Air Magic
  7082 | D:6      | Reached * piety under Vehumet
  7082 | D:6      | Offered knowledge of Magic Dart by Vehumet.
  7261 | D:6      | Reached skill level 11 in Air Magic
  7298 | D:6      | Noticed Duvessa
  7299 | D:6      | Noticed Dowan
  7306 | D:6      | Killed Duvessa
  7343 | D:6      | Slain by a bullfrog

Skill      XL: |  1  2  3  4  5  6  7  8 |
---------------+-------------------------+-----
Air Magic      | 5 6 7 8 9 11 | 11.6
Fighting       | 1 2 |  2.2
Conjurations   | 3 5 6 |  6.7
Dodging        | |  2.1
Stealth        | |  2.0
Spellcasting   | |  2.6

Action                   |  1- 3 |  4- 6 |  7- 9 || total
-------------------------+-------+-------+-------++-------
Melee: Dagger            |     7 |    17 |     7 ||    31
       Kick              |     1 |     5 |     4 ||    10
       Short sword       |       |    21 |     9 ||    30
       Peck              |       |       |     3 ||     3
 Cast: Shock             |    47 |    90 |    73 ||   210
       Swiftness         |     2 |     1 |       ||     3
       Static Discharge  |     1 |    10 |    15 ||    26
       Airstrike         |       |     4 |    12 ||    16
Evoke: Wand              |       |     3 |     1 ||     4
  Use: Scroll            |     3 |     5 |     6 ||    14
       Potion            |     1 |     8 |     4 ||    13
 Stab: Sleeping          |       |     2 |       ||     2
  Eat: Chunk             |     3 |    12 |    11 ||    26
       Fruit             |       |       |     2 ||     2
Armor: Robe              |     3 |     6 |    10 ||    19
       Skin              |     8 |    20 |       ||    28
Dodge: Dodged            |    11 |    32 |    61 ||   104
